 Dungeon Crawl Stone Soup version 0.32-a0-7-ge934b4519a (webtiles) character file.

Game seed: 7428471162849101540

234 timneilson the Ruffian (level 6, -11/41 HPs)
             Began as an Octopode Shapeshifter on Jan 13, 2024.
             Mangled by a gnoll bouda
             ... wielding a +0 whip
              (14 damage)
             ... on level 3 of the Dungeon.
             The game lasted 00:06:22 (1856 turns).

timneilson the Ruffian (Octopode Shapeshifter)      Turns: 1856, Time: 00:06:22

Health: -11/41     AC:  1    Str: 16    XL:     6   Next: 5%
Magic:  6/6        EV: 13    Int: 12    God:
Gold:   88         SH:  0    Dex: 11    Spells: 5/5 levels left

rFire   . .          .
                       - Unarmed
rCold   . . .        (no shield)
rNeg    . . .        (helmet currently unavailable)
rPois   +            (no amulet)
rElec   .            k - ring of poison resistance
rCorr   .            (no ring)
SInv    .            (no ring)
Will    .....        (no ring)
Stlth   ++++         (no ring)
HPRegen 0.26/turn    (no ring)
MPRegen 0.10/turn    (no ring)
                     (no ring)

%: no passive effects
@: brilliant, beast-form, weakened, hasted, very quick
A: beast (slay +2), almost no armour, amphibious, 8 rings, camouflage 1,
gelatinous body 1, nimble swimmer 1, tentacles
a: Begin Untransformation


You were on level 3 of the Dungeon.
You were a hulking beast.
You visited 1 branch of the dungeon, and saw 3 of its levels.

You collected 88 gold pieces.

Inventory:

Jewellery
 k - a ring of poison resistance (left tentacle)
Talismans
 b - a beast talisman
 c - a flux talisman
Scrolls
 d - a scroll of brand weapon {unknown}
Potions
 a - a potion of lignification
 e - a potion of mutation


   Skills:
 * Level 2.6 Fighting
 * Level 3.2 Dodging
 + Level 2.5 Stealth
 * Level 4.2 Unarmed Combat
 * Level 3.8 Shapeshifting


You had 5 spell levels left.
You didn't know any spells.
Your spell library contained the following spells:

 Spells                   Type           Power      Damage    Failure   Level
 Slow                     Hex            0%         N/A       32%         1
 Confusing Touch          Hex            0%         N/A       69%         3
 Sigil of Binding         Hex            0%         N/A       69%         3
 Vampiric Draining        Necr           0%         2d6       69%         3


Dungeon Overview and Level Annotations

Branches:
Dungeon (3/15)

Altars:
Fedhas
Kikubaaqudgha


Innate Abilities, Weirdness & Mutations

You are a hulking beast.
Your limbs bulge with bestial killing power. (Slay +2)
You cannot wear most types of armour.
You are amphibious.
You can wear up to eight rings at the same time.
Your skin changes colour to match your surroundings (Stealth+).
Your rubbery body absorbs attacks. (AC +1, EV +1)
You are camouflaged when in or above water. (Stealth+)
You have tentacles for arms and can constrict up to eight enemies at once.


Message History

15 gold pieces; a +0 spear You tentacle-slap the gnoll bouda.
You grab the gnoll bouda. You squeeze the gnoll bouda.
The gnoll bouda is moderately wounded.
You constrict the gnoll bouda, but do no damage.
You release your grip on the gnoll bouda.
You enter the shallow water.
The kobold attacks as it pursues you! The kobold closely misses you.
Items here: )) [ ††.
You tentacle-slap the kobold but do no damage.
You grab the kobold.
Your attacks no longer feel as feeble.
You constrict the kobold. The kobold hits you with a +0 whip.
You tentacle-slap the kobold.
You kill the kobold!
The bat barely misses you.
You closely miss the bat. Your grab misses the bat.
Your squeeze misses the bat. The bat misses you.
The gnoll bouda gazes fiercely through you!
You feel your attacks grow feeble.
The orc priest calls down the wrath of Beogh upon you.
Beogh smites you!
* * * LOW HITPOINT WARNING * * *
Okay, then.
You tentacle-slap the gnoll bouda. You grab the gnoll bouda.
You squeeze the gnoll bouda!
The gnoll bouda is severely wounded.
You constrict the gnoll bouda. The gnoll barely misses you.
The gnoll bouda hits you with a +0 whip.
* * * LOW HITPOINT WARNING * * *
You completely miss the gnoll bouda.
The gnoll bouda is severely wounded.
You constrict the gnoll bouda.
Unknown command.
You tentacle-slap the gnoll bouda but do no damage.
The gnoll bouda is severely wounded.
You constrict the gnoll bouda, but do no damage.
The gnoll closely misses you.
The gnoll bouda hits you with a +0 whip!
You die...

... #....#.......###.#.
.. ##.$..#.......###.#.
......................
.###...............#.
.......#.......###### #
#.#.#....##.#.......
#...##.b.........#.##..##
......gg##'.###..#.##..#
.......#h†#.....<#.##..##
.....g##~)##.......##....
......#~~~~#.###...##)###
..... #~~~~#...# #...†###
..... ##~~##...#.####....
.... #~~#....#.......##
.... #++##†##...###...<
#.......#....#
#†.#....#.#.#.


You could see a gnoll bouda, a gnoll (swift) and a bat.

Vanquished Creatures
  2 orc priests (D:3)
  2 orc wizards (D:3)
  3 gnolls (D:3)
  2 river rats (D:3)
  3 dart slugs
  2 ribbon worms (D:3)
  9 orcs (D:3)
  6 bats
  3 endoplasms (D:2)
  3 giant cockroaches
  5 goblins
  8 hobgoblins
  4 quokkas
  2 ball pythons
  2 frilled lizards
  3 kobolds
  5 rats
64 creatures vanquished.

Vanquished Creatures (others)
  An endoplasm (D:3)
1 creature vanquished.

Grand Total: 65 creatures vanquished

Notes
Turn   | Place    | Note
-------+----------+-------------------------------------------
     0 | D:1      | timneilson the Octopode Shapeshifter began the quest for
                  | the Orb.
     0 | D:1      | Reached XP level 1. HP: 13/13 MP: 1/1
    78 | D:1      | Reached XP level 2. HP: 11/18 MP: 2/2
   314 | D:1      | Found a faded altar of an unknown god.
   423 | D:1      | Reached skill level 1 in Stealth
   482 | D:1      | Reached XP level 3. HP: 20/23 MP: 3/3
  1508 | D:3      | Found an ancient bone altar of Kikubaaqudgha.
  1525 | D:3      | Reached XP level 4. HP: 19/29 MP: 4/4
  1608 | D:3      | Reached XP level 5. HP: 12/34 MP: 5/5
  1641 | D:3      | Reached skill level 4 in Unarmed Combat
  1659 | D:3      | Found a blossoming altar of Fedhas.
  1844 | D:3      | Reached XP level 6. HP: 35/41 MP: 6/6
  1856 | D:3      | Mangled by a gnoll bouda

Illustrated notes

Levels and vault maps discovered:
D:1:      giann_horns, layout_basic, chequers_ecumenical_altar_twisty,
          minmay_misc_feat_secret_circle
D:2:      layout_basic, chequers_serial_rivers_room_b
D:3:      layout_basic, nicolae_kikubaaqudgha_miasma_corner,
          lemuel_coloured_pillars_altar, gup_sewer_entry_bowl

Skill      XL: |  1  2  3  4  5 |
---------------+----------------+-----
Stealth        | 1 2 |  2.5
Fighting       | 2 |  2.6
Dodging        | 3 |  3.2
Unarmed Combat | 4 |  4.2
Shapeshifting  | |  3.8

Action                     |  1- 3 |  4- 6 || total
---------------------------+-------+-------++-------
  Melee: Unarmed           |    69 |    64 ||   133
         Constrict         |    19 |    17 ||    36
         Tentacles         |     9 |    16 ||    25
         Punch             |     1 |     2 ||     3
    Use: Scroll            |     4 |       ||     4
         Potion            |       |     4 ||     4
   Stab: Sleeping          |     9 |     1 ||    10
 Armour: Skin              |    36 |    27 ||    63
  Dodge: Dodged            |    41 |    40 ||    81

Table legend: (Time is in decaauts)
 A = Elapsed time spent in this place.
 B = Non-inter-level travel time spent in this place.
 C = Inter-level travel time spent in this place.
 D = Time resting spent in this place.
 E = Time spent auto-exploring this place.
 F = Levels seen in this place.
 G = Mean time per level.
                   A        B        C        D        E       F      G
               +--------+--------+--------+--------+--------+-----+--------+
         Total |   1838 |   1776 |     62 |     60 |   1107 |   3 |  612.7 |
       Dungeon |   1838 |   1776 |     62 |     60 |   1107 |   3 |  612.7 |
               +--------+--------+--------+--------+--------+-----+--------+

Top non-repeatable levels by time:
     D:1: 768 daAuts
     D:2: 679 daAuts
     D:3: 391 daAuts
